 Dungeon Crawl Stone Soup version 0.23-a0-386-g9c9d49f (webtiles) character file.

1274 Cryolive the Digger (level 8, -1/45 HPs)
             Began as a Gargoyle Earth Elementalist on Oct 28, 2018.
             Shot with an arrow by a centaur (4 damage)
             ... on level 6 of the Dungeon.
             The game lasted 00:15:32 (5324 turns).

Cryolive the Digger (Gargoyle Earth Elementalist)   Turns: 5324, Time: 00:15:33

Health: -1/45      AC:  9    Str: 12    XL:     8   Next: 53%
Magic:  14/14      EV: 12    Int: 18    God:
Gold:   245        SH:  0    Dex: 10    Spells: 7/16 levels left

rFire    . . .     SeeInvis .   A - +2 war axe (chop)
rCold    . . .     Gourm    +   (no shield)
rNeg     + . .     Faith    .   c - +1 robe
rPois    ∞         Spirit   .   p - +1 hat
rElec    +         Reflect  .   (no cloak)
rCorr    +         Harm     .   (no gloves)
MR       .....                  (no boots)
Stlth    ++........             j - amulet of the gourmand
HPRegen  0.15/turn              q - ring of resist corrosion
MPRegen  0.14/turn              (no ring)

@: no status effects
A: negative energy resistance 1, electricity resistance, unbreathing,
petrification resistance, rot immunity, AC +5
a: no special abilities


You were on level 6 of the Dungeon.
You were very full.

You visited 1 branch of the dungeon, and saw 6 of its levels.

You collected 245 gold pieces.

Inventory:

Hand Weapons
 i - a +0 whip
 v - a +3 dagger of venom
 A - a +2 war axe of chopping (weapon)
Missiles
 b - 252 stones (quivered)
Armour
 c - a +1 robe (worn)
 p - a +1 hat (worn)
 u - a +2 large shield
Jewellery
 j - an amulet of the gourmand (around neck)
 q - a ring of resist corrosion (left hand)
Wands
 s - a wand of digging (18)
 y - a wand of scattershot (5)
Scrolls
 g - 2 scrolls of remove curse
 k - 3 scrolls of teleportation {unknown}
 r - a scroll of noise {unknown}
 t - 2 scrolls of enchant weapon {unknown}
 x - 6 scrolls of identify
 B - a scroll of blinking
Potions
 a - a potion of mutation {unknown}
 e - a potion of heal wounds {unknown}
 f - a potion of cancellation {unknown}
 h - 2 potions of curing
 l - a potion of might {unknown}
 m - a potion of degeneration {unknown}
 n - 4 potions of agility
 o - 2 potions of brilliance {unknown}
 w - a potion of ambrosia {unknown}
Comestibles
 d - 15 rations


   Skills:
 + Level 2.8 Fighting
 + Level 3.1 Armour
 + Level 2.9 Dodging
 - Level 2.1 Stealth
 + Level 2.9 Shields
 + Level 4.5 Spellcasting
 + Level 4.1 Conjurations
   Level 0.7 Transmutations
 + Level 6.3 Earth Magic
 + Level 2.4 Evocations


You had 7 spell levels left.
You knew the following spells:

 Your Spells              Type           Power        Failure   Level  Hunger
a - Sandblast             Erth           ####..       1%          1    None
b - Stone Arrow           Conj/Erth      ###...       4%          3    ###....
c - Lee's Rapid Deconstr  Erth           ####......   28%         5    ######.

Your spell library contained the following spells:

 Spells                   Type           Power        Failure   Level  Hunger
 Passwall                 Tmut/Erth      ###.....     4%          2    #......
 Petrify                  Tmut/Erth      ###.....     32%         4    ####...


Dungeon Overview and Level Annotations

Branches:
Dungeon (6/15)
 Temple: D:4-7

Altars:
Cheibriados
Kikubaaqudgha
Ru
Xom


Innate Abilities, Weirdness & Mutations

You are resistant to torment.
Your stone body is resilient. (AC +5)
You are immune to poison.
You resist negative energy. (rN+)
You are resistant to electric shocks. (rElec)
You can survive without breathing.
You are immune to petrification.
You are immune to rotting.


Message History

The centaur wields a +3 shortbow of freezing.
It is covered in frost.
The centaur shoots an arrow.
The arrow barely misses you.
The centaur shoots an arrow.
The arrow hits you. The arrow freezes you. The shadow imp hits you.
The centaur shoots an arrow.
The arrow hits you. The arrow freezes you.
You see here an arrow.
The shadow imp gestures at you. Pain shoots through your body!
You see here an arrow.
You slash the shadow imp!
You kill the shadow imp!
The centaur shoots an arrow.
The arrow hits you!
* * * LOW HITPOINT WARNING * * *
The arrow freezes you.
* * * LOW HITPOINT WARNING * * *
You feel better.
The centaur shoots an arrow.
The arrow hits you!
* * * LOW HITPOINT WARNING * * *
The arrow freezes you.
You die...

# .# #... ..
..#...
#.#.#.[#
......###
#......#
#....#.#
#(#.#
#c#.#####
#.(@....#
###..##.#
##.# ###
#.#####....
#........#
#####.<.##.[#
#.....###
#....#####
#...###


You could see a centaur.

Vanquished Creatures
  Menkaure (D:4)
  A black bear (D:4)
  An ice beast (D:6)
  A phantom (D:5)
  An ogre (D:4)
  A water moccasin zombie (D:5)
  A water moccasin skeleton (D:5)
  2 scorpions
  A crimson imp (D:5)
  A hound (D:4)
  A jelly (D:4)
  An orc wizard (D:5)
  A gnoll shaman (D:4)
  2 orc priests
  Terence (D:3)
  Ijyb (D:3)
  2 iguanas
  A worker ant (D:5)
  A hound zombie (D:5)
  A hound skeleton (D:5)
  A mummy (D:5)
  A howler monkey zombie (D:3)
  5 gnolls (D:4)
  5 adders
  5 shadow imps
  An ooze (D:4)
  An adder skeleton (D:4)
  3 dart slugs
  5 worms (D:3)
  A leopard gecko (D:3)
  12 orcs
  2 giant cockroaches (D:1)
  11 goblins
  3 hobgoblins
  10 jackals
  6 bats
  3 frilled lizards
  A kobold (D:1)
  A leopard gecko zombie (D:5)
  5 rats
105 creatures vanquished.

Notes
Turn   | Place    | Note
-------+----------+-------------------------------------------
     0 | D:1      | Cryolive the Gargoyle Earth Elementalist began the quest
                  | for the Orb.
     0 | D:1      | Reached XP level 1. HP: 10/10 MP: 3/3
     6 | D:1      | Noticed an electric eel
   167 | D:1      | Reached skill level 4 in Earth Magic
   167 | D:1      | Reached XP level 2. HP: 9/15 MP: 1/5
   847 | D:1      | Found a shimmering altar of Xom.
   961 | D:2      | Reached XP level 3. HP: 17/19 MP: 2/7
   968 | D:2      | Learned a level 3 spell: Stone Arrow
  1518 | D:2      | Found a sacrificial altar of Ru.
  1894 | D:3      | Reached skill level 1 in Conjurations
  1894 | D:3      | Reached XP level 4. HP: 12/24 MP: 6/8
  2332 | D:3      | Noticed Ijyb
  2363 | D:3      | Reached skill level 5 in Earth Magic
  2481 | D:3      | Killed Ijyb
  2481 | D:3      | Reached XP level 5. HP: 10/28 MP: 8/10
  2593 | D:3      | Noticed Terence
  2616 | D:3      | Killed Terence
  2624 | D:3      | Learned a level 5 spell: Lee's Rapid Deconstruction
  3032 | D:4      | Reached XP level 6. HP: 14/33 MP: 3/11
  3079 | D:4      | Reached skill level 1 in Shields
  3085 | D:4      | Reached skill level 1 in Armour
  3293 | D:4      | Found an ancient bone altar of Kikubaaqudgha.
  3366 | D:4      | Noticed Menkaure
  3398 | D:4      | Killed Menkaure
  3398 | D:4      | Reached skill level 1 in Fighting
  3398 | D:4      | Reached skill level 1 in Evocations
  3398 | D:4      | Reached XP level 7. HP: 28/38 MP: 5/12
  4084 | D:5      | Entered Level 5 of the Dungeon
  4090 | D:4      | Reached skill level 6 in Earth Magic
  4299 | D:5      | Reached XP level 8. HP: 23/45 MP: 1/14
  4843 | D:5      | Found a snail-covered altar of Cheibriados.
  5324 | D:6      | Shot with an arrow by a centaur

Vault maps used:
D:1:      arrival_aquarium_a, xom_teletrap_fun
D:2:      first_ration, nicolae_ru_path_of_blood
D:3:      kennysheep_the_goblin_king, cheibrodos_sewer_entry_bend,
          minmay_misc_feat_ornament, uniq_terence
D:4:      black_bear_nest_1, lemuel_doored_altar, uniq_ijyb, uniq_menkaure
D:5:      slow_altar_1
D:6:      nicolae_gozag_cash_rules_everything_around_me, uniq_duvessa,
          uniq_eustachio, uniq_crazy_yiuf_cottage, uniq_edmund

Skill      XL: |  1  2  3  4  5  6  7  8 |
---------------+-------------------------+-----
Earth Magic    | 4 5 6 |  6.3
Spellcasting   | 3 4 |  4.5
Conjurations   | 1 2 3 4 |  4.1
Shields        | 1 2 |  2.9
Armour         | 1 2 3 |  3.1
Fighting       | 1 2 |  2.8
Dodging        | 2 |  2.9
Evocations     | 1 2 |  2.4
Stealth        | |  2.1
Transmutations | |  0.7

Action                   |  1- 3 |  4- 6 |  7- 9 || total
-------------------------+-------+-------+-------++-------
Melee: Unarmed           |    14 |       |       ||    14
       Dagger            |    38 |    11 |    96 ||   145
       Whip              |   103 |   253 |       ||   356
       War axe           |       |       |    45 ||    45
 Cast: Sandblast         |    15 |    23 |    17 ||    55
       Stone Arrow       |       |     4 |    16 ||    20
  Use: Scroll            |       |     6 |       ||     6
       Potion            |       |       |     1 ||     1
 Stab: Sleeping          |     4 |     3 |       ||     7
  Eat: Chunk             |     3 |    13 |    13 ||    29
Armor: Robe              |    65 |    90 |    54 ||   209
Dodge: Dodged            |   152 |   164 |    90 ||   406

Table legend:
 A = Non-vault XP
 B = Vault XP
 C = Vault XP percentage of total XP
 D = Non-vault monster count
 E = Vault monster count
 F = Vault count percentage of total count
                 A         B        C        D         E       F
            +---------+---------+-------+---------+---------+-------
      Total |    1403 |     418 |  23.0 |      92 |      13 |  12.4
            +---------+---------+-------+---------+---------+-------
        D:1 |      30 |       0 |   0.0 |      15 |       0 |   0.0
        D:2 |      34 |       0 |   0.0 |      15 |       0 |   0.0
        D:3 |      86 |      95 |  52.5 |      15 |      10 |  40.0
        D:4 |     473 |     305 |  39.2 |      18 |       2 |  10.0
        D:5 |     644 |      18 |   2.7 |      27 |       1 |   3.6
        D:6 |     136 |       0 |   0.0 |       2 |       0 |   0.0
            +---------+---------+-------+---------+---------+-------
